 Dungeon Crawl Stone Soup version 0.28.0-53-g5a82cb258f (webtiles) character file.

Game seed: 12963177351056830751

1155 Kranky the Skirmisher (level 8, -6/61 HPs)
             Began as an Octopode Fighter on June 23, 2022.
             Killed from afar by an electric eel (11 damage)
             ... with a bolt of electricity
             ... on level 6 of the Dungeon.
             The game lasted 00:09:57 (6297 turns).

Kranky the Skirmisher (Octopode Fighter)            Turns: 6297, Time: 00:09:57

Health: -6/61      AC:  2    Str: 15    XL:     8   Next: 39%
Magic:  8/8        EV: 14    Int: 10    God:
Gold:   268        SH:  5    Dex: 14    Spells: 7/7 levels left

rFire   . . .      SeeInvis .   s - +4 spear of Overwhelming Force {speed, +Blink rPois}
rCold   . . .      Faith    .   b - +0 buckler
rNeg    . . .      Spirit   .   A - +1 hat
rPois   +          Reflect  .   (no amulet)
rElec   .          Harm     .   (no ring)
rCorr   .          Rampage  .   (no ring)
Will    .....                   (no ring)
Stlth   +++.......              (no ring)
HPRegen 0.20/turn               (no ring)
MPRegen 0.11/turn               (no ring)
                                (no ring)
                                (no ring)

@: no status effects
A: almost no armour, amphibious, 8 rings, camouflage 1, gelatinous body 1,
(nimble swimmer 1), tentacles
a: Evoke Blink


You were on level 6 of the Dungeon.
You visited 2 branches of the dungeon, and saw 7 of its levels.
You also visited: Ossuary.

You collected 268 gold pieces.

Inventory:

Hand Weapons
 a - a +0 flail
 p - a +3 short sword of protection
 s - the +4 spear of Overwhelming Force (weapon) {speed, +Blink rPois}
   (You found it on level 3 of the Dungeon)

   Attacks with this weapon are significantly faster.
   rPois:     It protects you from poison.
   +Blink:    It lets you blink.
Missiles
 g - 15 poisoned darts (quivered)
 t - a throwing net
Armour
 b - a +0 buckler (worn)
 A - a +1 hat (worn)
Jewellery
 e - an amulet of faith
 j - a ring of ice
 w - a ring of positive energy
 B - a ring of protection from fire
Wands
 y - a wand of iceblast (11)
Scrolls
 h - a scroll of brand weapon {unknown}
 i - a scroll of enchant weapon
 l - a scroll of noise {unknown}
 m - a scroll of fog {unknown}
 o - a scroll of vulnerability
 r - a scroll of magic mapping {unknown}
 u - 5 scrolls of identify {unknown}
 v - a scroll of immolation {unknown}
 z - a scroll of fear {unknown}
 C - a scroll of enchant armour {unknown}
 D - a scroll of summoning {unknown}
Potions
 c - a potion of might
 d - 3 potions of heal wounds {unknown}
 f - 6 potions of curing {unknown}
 k - 2 potions of flight {unknown}
 n - a potion of cancellation {unknown}
 q - 4 potions of attraction {unknown}
 x - a potion of berserk rage {unknown}


   Skills:
 + Level 7.8 Fighting
 - Level 2.0 Maces & Flails
 + Level 3.0 Polearms
 + Level 5.0 Dodging
 - Level 3.0 Stealth
 + Level 4.2 Shields


You had 7 spell levels left.
You didn't know any spells.
Your spell library contained the following spells:

 Spells                   Type           Power      Damage    Failure   Level
 Ozocubu's Armour         Ice            0%         N/A       82%         3
 Ozocubu's Refrigeration  Ice            0%         4d5       100%        7


Dungeon Overview and Level Annotations

Branches:
Dungeon (6/15)             Temple (1/1) D:5         Ossuary (visited)

Altars:
Fedhas
Gozag
Makhleb
Nemelex Xobeh
Qazlal
Sif Muna
Trog
Wu Jian
Xom
Yredelemnul
Zin
The Shining One


Innate Abilities, Weirdness & Mutations

You cannot wear most types of armour.
You are amphibious.
You can wear up to eight rings at the same time.
Your skin changes colour to match your surroundings (Stealth+).
Your rubbery body absorbs attacks. (AC +1, EV +1)
((You are camouflaged when in or above water. (Stealth+)))
You have tentacles for arms and can constrict up to eight enemies at once.


Message History

No target in view!
An electric eel comes into view.
The electric eel shoots out a bolt of lightning at you!
The bolt of electricity hits the plant!
The plant begins to die.
The bolt of electricity misses you.
The electric eel shoots out a bolt of lightning at you!
The bolt of electricity hits the plant!
The bolt of electricity hits you!
A water moccasin zombie comes into view.
You start resting.
HP restored.
The electric eel shoots out a bolt of lightning at you!
The bolt of electricity hits you!
The electric eel shoots out a bolt of lightning at you!
The bolt of electricity hits you!
The electric eel shoots out a bolt of lightning at you!
The bolt of electricity hits you!
You reach to attack!
You barely miss the electric eel.
The electric eel shoots out a bolt of lightning at you!
The bolt of electricity hits you!
* * * LOW HITPOINT WARNING * * *
You are too injured to fight recklessly!
Reach: s) +4 spear of Overwhelming Force {speed, +Blink rPois}
Press: ? - help, Dir - move target, f/p - electric eel
Aim: an electric eel (about 45% to evade the +4 spear of Overwhelming Force)
You reach to attack!
You miss the electric eel.
Reach: s) +4 spear of Overwhelming Force {speed, +Blink rPois}
Press: ? - help, Dir - move target, f/p - electric eel
Aim: an electric eel (about 45% to evade the +4 spear of Overwhelming Force)
You reach to attack!
You barely miss the electric eel.
The electric eel shoots out a bolt of lightning at you!
The bolt of electricity hits you!
* * * LOW HITPOINT WARNING * * *
You barely miss the electric eel. You grab the electric eel.
You constrict the electric eel. You barely miss the electric eel.
The electric eel is lightly wounded.
You constrict the electric eel.
The electric eel shoots out a bolt of lightning at you!
The bolt of electricity hits you!
You die...

####### #######
##.....###......
##..≈♣≈.....≈♣≈≈♣
###..P♣♣♣≈≈P♣P≈P≈≈≈
##...♣♣≈P≈≈♣♣♣♣PPP≈≈
#♣≈..♣P≈≈≈≈≈≈≈≈≈≈≈≈≈≈
#♣≈≈............(.....
##♣P≈≈≈.≈≈≈≈≈≈≈≈≈≈≈≈≈≈≈≈
#≈≈≈≈≈S@≈≈≈≈≈≈≈≈≈≈≈≈≈≈≈≈
♣≈≈≈≈≈≈.≈≈≈≈≈≈≈♣♣P≈≈≈≈≈≈
♣≈≈≈≈≈≈≈.PP≈♣♣♣♣###♣≈P≈≈#
≈≈≈≈≈≈≈≈.≈P♣♣ ######
♣≈≈≈P≈≈≈.≈≈♣ ≈≈≈≈≈≈≈.≈≈♣
♣♣≈≈≈≈≈.≈≈≈ ♣≈≈≈P≈.≈≈≈♣


You could see an electric eel.

Vanquished Creatures
  2 black bears (D:5)
  A phantom (D:5)
  2 elf zombies (Ossuary)
  A scorpion (D:6)
  2 electric eels (D:6)
  2 howler monkeys (D:4)
  2 bullfrog zombies (D:5)
  2 human zombies (Ossuary)
  A hound (D:5)
  A scorpion zombie (D:5)
  2 orc wizards
  An iguana (D:5)
  2 mummies (Ossuary)
  6 adders
  4 gnolls (D:5)
  A white imp (D:5)
  2 adder zombies (Ossuary)
  An adder skeleton (D:4)
  3 worms
  A dart slug (D:1)
  15 orcs
  7 endoplasms
  5 giant cockroaches
  11 goblins
  8 hobgoblins
  8 jackals
  3 quokkas
  8 ball pythons
  7 bats
  2 frilled lizards
  2 goblin zombies (Ossuary)
  9 hobgoblin zombies (Ossuary)
  2 jackal zombies (Ossuary)
  13 kobolds
  7 kobold zombies (Ossuary)
  11 orc zombies (Ossuary)
  5 rats
162 creatures vanquished.

Vanquished Creatures (others)
  An orc wizard (D:5)
  17 plants
18 creatures vanquished.

Grand Total: 180 creatures vanquished

Notes
Turn   | Place    | Note
-------+----------+-------------------------------------------
     0 | D:1      | Kranky the Octopode Fighter began the quest for the Orb.
     0 | D:1      | Reached XP level 1. HP: 16/16 MP: 1/1
    52 | D:1      | Reached skill level 1 in Stealth
   221 | D:1      | Reached XP level 2. HP: 21/21 MP: 2/2
   701 | D:1      | Reached XP level 3. HP: 26/26 MP: 3/3
  1205 | D:1      | Found a faded altar of an unknown god.
  1347 | D:2      | Reached skill level 4 in Fighting
  1484 | D:2      | Found a glowing golden altar of the Shining One.
  1500 | D:2      | Reached XP level 4. HP: 33/33 MP: 4/4
  2814 | D:3      | Found a sparkling altar of Nemelex Xobeh.
  2823 | D:3      | Identified the +4 spear of Overwhelming Force {speed,
                  | +Blink rPois}
  2842 | D:3      | Reached XP level 5. HP: 34/38 MP: 5/5
  2856 | D:3      | Reached skill level 5 in Fighting
  3436 | D:4      | Found a shimmering blue altar of Sif Muna.
  3481 | D:4      | Found a sand-covered staircase.
  3603 | Ossuary  | Entered an ossuary
  3656 | Ossuary  | Reached XP level 6. HP: 45/45 MP: 6/6
  3969 | Ossuary  | Reached skill level 6 in Fighting
  4062 | Ossuary  | Reached XP level 7. HP: 42/53 MP: 7/7
  4218 | D:4      | Found a basalt altar of Yredelemnul.
  4768 | D:5      | Entered Level 5 of the Dungeon
  4864 | D:5      | Found a staircase to the Ecumenical Temple.
  4908 | Temple   | Entered the Ecumenical Temple
  5340 | D:5      | Reached skill level 7 in Fighting
  5503 | D:5      | Reached skill level 1 in Polearms
  5524 | D:5      | Reached XP level 8. HP: 47/60 MP: 8/8
  6210 | D:6      | Reached skill level 5 in Dodging
  6297 | D:6      | Killed from afar by an electric eel

Illustrated notes

Levels and vault maps discovered:
D:1:      minmay_arrival_pointy, layout_basic, chequers_ecumenical_altar_lobes,
          serial_forest, infiniplex_forest_straight_4,
          infiniplex_forest_straight_3, infiniplex_forest_lined_2,
          infiniplex_forest_3_way, infiniplex_forest_pool,
          infiniplex_forest_side_room, infiniplex_forest_clump_diagonal,
          st_stairs_5, bh_walls_and_bars
D:2:      layout_loops_corners, basic_altar, minmay_tromino_v2
D:3:      layout_loops_ring, nemelex_xobeh_ov_fountains_minmay
D:4:      layout_loops_cross, mainiacjoe_overflow_alcove_4,
          kennysheep_orc_sif_temple, enter_ossuary_1, abandoned_shop
D:5:      layout_loops_ring, temple_pool_b
D:6:      layout_loops_ring, nicolae_ru_awakened_eye, serial_bayou,
          serial_bayou_pond_e, serial_bayou_ford_a, serial_bayou_lake_a,
          serial_bayou_shore_b, serial_bayou_lagoon_b, minmay_puff
Temple:   compressed_dpeg_triangle_lava_temple

Skill      XL: |  1  2  3  4  5  6  7  8 |
---------------+-------------------------+-----
Stealth        | 1 2 3 |  3.0
Fighting       | 4 5 6 7 |  7.8
Dodging        | 4 5 |  5.0
Polearms       | 1 3 |  3.0
Shields        | 4 |  4.2
Maces & Flails | |  2.0

Action                   |  1- 3 |  4- 6 |  7- 9 || total
-------------------------+-------+-------+-------++-------
Melee: Flail             |    84 |    34 |       ||   118
       Constrict         |    20 |    51 |    22 ||    93
       Tentacles         |    12 |    32 |    21 ||    65
       Short sword       |       |     9 |       ||     9
       Spear             |       |   164 |   110 ||   274
       Punch             |       |     3 |     1 ||     4
  Use: Scroll            |       |     2 |       ||     2
 Stab: Sleeping          |    11 |    16 |     3 ||    30
Armor: Skin              |     7 |     6 |     6 ||    19
Dodge: Dodged            |    59 |    37 |    28 ||   124
Block: Buckler           |    24 |    16 |    14 ||    54
